 Dungeon Crawl Stone Soup version 0.24.0-13-gcf9b319 (webtiles) character file.

Game seed: 12063331332636364347, levelgen mode: deterministic

79 silenth the Slasher (level 4, -8/33 HPs)
             Began as an Octopode Fighter on May 4, 2020.
             Mangled by Sigmund
             ... wielding a +0 scythe
              (15 damage)
             ... on level 2 of the Dungeon.
             The game lasted 00:01:06 (1081 turns).

silenth the Slasher (Octopode Fighter)              Turns: 1081, Time: 00:01:07

Health: -8/33      AC:  1    Str: 20    XL:     4   Next: 37%
Magic:  4/4        EV: 11    Int: 10    God:
Gold:   78         SH:  9    Dex: 12    Spells: 3/3 levels left

rFire    . . .     SeeInvis .   a - +0 long sword
rCold    . . .     Gourm    .   b - +0 shield
rNeg     . . .     Faith    .   (helmet restricted)
rPois    .         Spirit   .   (no amulet)
rElec    .         Reflect  .   (no ring)
rCorr    .         Harm     .   (no ring)
MR       .....                  (no ring)
Stlth    ++........             (no ring)
HPRegen  0.11/turn              (no ring)
MPRegen  0.09/turn              (no ring)
                                (no ring)
                                (no ring)

@: mighty, lethally poisoned (-8 -> -11)
A: almost no armour, stealthy swim, amphibious, 8 rings, constrict 8, camouflage
1, gelatinous body 1
a: no special abilities


You were on level 2 of the Dungeon.
You were hungry.

You visited 1 branch of the dungeon, and saw 2 of its levels.

You collected 78 gold pieces.

Inventory:

Hand Weapons
 a - a +0 long sword (weapon)
Armour
 b - a +0 shield (worn)
Scrolls
 f - a scroll of blinking {unknown}
 g - a scroll of identify {unknown}
 h - a scroll of teleportation {unknown}
 i - a scroll of fear {unknown}
 j - a scroll of immolation {unknown}
 l - a scroll of remove curse {unknown}
 m - a scroll of fog {unknown}
Potions
 d - a potion of haste {unknown}
Comestibles
 e - 3 rations


   Skills:
 + Level 3.7 Fighting
 * Level 3.8 Long Blades
 - Level 3.0 Dodging
 - Level 3.0 Shields


You had 3 spell levels left.
You didn't know any spells.
Your spell library was empty.

Dungeon Overview and Level Annotations

Branches:
Dungeon (2/15)

Altars:
Cheibriados

Annotations:
D:2 Sigmund


Innate Abilities, Weirdness & Mutations

You cannot wear most types of armour.
You are very stealthy in the water. (Stealth+)
You are amphibious.
You can wear up to eight rings at the same time.
You can use your tentacles to constrict eight enemies at once.
Your skin changes colour to match your surroundings (Stealth+).
Your rubbery body absorbs attacks. (AC +1, EV +1)


Message History

You slice something!!
The adder hisses angrily.
Something hits you!
You barely miss something.
You hear some strange, mumbled words.
You are confused.
A kobold comes into view. It is wielding a +0 short sword.
Something hits you.
You're too confused to move!
The adder bites you.
You are poisoned.
The adder poisons you!
It was a potion of curing.
You feel better. The adder bites you. Something hits you!
* * * LOW HITPOINT WARNING * * *
The adder bites you.
* * * LOW HITPOINT WARNING * * *
You are poisoned.
The adder poisons you!
You feel sick. Something hits you!
You die...

### #.# #.# #.# #@#
################S####.#
..[........(....{...K...
...........#####.####.##
##########..# #... ##(#
#.▒▒▒ .# #.▒ .. #.▒ §§§
###.# #.▒§§§§


You could see an adder.

Vanquished Creatures
  Jessica (D:2)
  An adder (D:2)
  An ooze (D:1)
  2 dart slugs
  2 giant cockroaches
  4 goblins
  5 hobgoblins (D:1)
  7 bats
  3 frilled lizards (D:1)
  3 kobolds
  8 rats
37 creatures vanquished.

Notes
Turn   | Place    | Note
-------+----------+-------------------------------------------
     0 | D:1      | silenth the Octopode Fighter began the quest for the Orb.
     0 | D:1      | Reached XP level 1. HP: 16/16 MP: 1/1
   160 | D:1      | Reached XP level 2. HP: 12/21 MP: 2/2
   613 | D:1      | Reached skill level 3 in Long Blades
   683 | D:1      | Reached XP level 3. HP: 22/26 MP: 3/3
   928 | D:2      | Noticed Jessica
   933 | D:2      | Killed Jessica
   933 | D:2      | Reached XP level 4. HP: 29/32 MP: 4/4
  1003 | D:2      | Found a snail-covered altar of Cheibriados.
  1064 | D:2      | Noticed Sigmund
  1081 | D:2      | Mangled by Sigmund

Levels and vault maps discovered:
D:1:      psy_arrival_statuary, layout_basic
D:2:      layout_basic, lemuel_doored_altar, nicolae_qazlal_eye_of_the_storm,
          marbit_many_paths, uniq_jessica, uniq_sigmund

Skill      XL: |  1  2 |
---------------+-------+-----
Long Blades    | 3 |  3.8
Fighting       | |  3.7
Dodging        | |  3.0
Shields        | |  3.0

Action                   |  1- 3 |  4- 6 || total
-------------------------+-------+-------++-------
Melee: Long sword        |    48 |    21 ||    69
       Constrict         |    16 |     7 ||    23
       Tentacles         |     8 |     4 ||    12
  Use: Potion            |       |     2 ||     2
 Stab: Sleeping          |     3 |     1 ||     4
       Distracted        |     1 |       ||     1
Armor: Skin              |     5 |       ||     5
Dodge: Dodged            |    20 |     8 ||    28
Block: Shield            |    18 |     4 ||    22
       Rpst.: Long sword |     9 |     1 ||    10
